Map: Void Launch

Players

Кейн

  • Race: Protoss Protoss
  • Spawn Location: 6:00

NamroodTuo

  • Race: Zerg Zerg

VOD

Have the link to the VOD?

Description

Time

  • Played on: April 14, 2023, 11:55 a.m.
  • Length: 24:40
Show
View Real Time Build Order
Export as new Build Order

Кейн Protoss 

Build Orders:  

Get SALT Encoding   

  12  0:05  Probe (Chrono Boost)  
  13  0:17  Probe (Chrono Boost)  
  14  0:29  Probe (Chrono Boost)  
  14  0:38  Pylon  
  15  0:41  Assimilator  
  15  0:42  Probe (Chrono Boost)  
  16  0:58  Probe (Chrono Boost)  
  17  1:10  Probe (Chrono Boost)  
  17  1:11  Assimilator  
  18  1:22  Probe (Chrono Boost)  
  19  1:33  Pylon  
  19  1:34  Probe (Chrono Boost)  
  20  1:46  Probe (Chrono Boost)  
  21  1:58  Probe (Chrono Boost)  
  22  2:10  Probe (Chrono Boost)  
  23  2:22  Probe (Chrono Boost)  
  24  2:34  Probe (Chrono Boost)  
  25  2:51  Nexus  
  25  2:59  Probe (Chrono Boost)  
  25  3:00  Solar Efficiency Level 1  
  25  3:08  Gateway  
  26  3:11  Probe (Chrono Boost)  
  27  3:20  Forge  
  27  3:27  Probe (Chrono Boost)  
  28  3:39  Probe (Chrono Boost)  
  28  3:41  Protoss Shields Level 1  
  29  4:01  Probe (Chrono Boost)  
  30  4:13  Probe (Chrono Boost)  
  31  4:20  Cybernetics Core  
  28  4:30  Probe (Chrono Boost)  
  32  4:44  Probe (Chrono Boost)  
  33  4:55  Protoss Shields Level 2  
  33  4:59  Probe (Chrono Boost)  
  34  5:01  Cybernetics Core  
  34  5:06  Pylon  
  34  5:14  Probe (Chrono Boost)  
  34  5:15  Stargate  
  34  5:17  Stargate  
  34  5:19  Protoss Air Armor Level 1, Protoss Air Weapons Level 1  
  35  5:22  Advanced Repair Systems  
  35  5:24  Twilight Council  
  35  5:29  Probe (Chrono Boost)  
  36  5:32  Assimilator  
  36  5:33  Probe (Chrono Boost)  
  36  5:34  Assimilator  
  37  5:43  Probe (Chrono Boost)  
  37  5:47  Probe (Chrono Boost)  
  39  5:58  Probe (Chrono Boost)  
  40  6:02  Solar Efficiency Level 2  
  40  6:16  Probe (Chrono Boost)  
  40  6:17  Probe (Chrono Boost)  
  42  6:31  Probe x2 (Chrono Boost)  
  44  6:46  Probe (Chrono Boost)  
  45  6:52  Unknown  
  45  6:56  Fleet Beacon  
  45  7:45  Pylon  
  45  7:46  Pylon  
  45  7:47  Pylon  
  45  7:48  Pylon  
  45  7:50  Solar Efficiency Level 3  
  45  7:51  Pylon  
  45  8:07  Carrier x2  
  45  8:16  Repair Drones  
  57  8:38  Protoss Air Weapons Level 2  
  57  9:01  Protoss Air Armor Level 2  
  57  9:09  Protoss Shields Level 3  
  57  9:51  Carrier  
  63  10:20  Carrier  
  63  10:27  Carrier  
  69  11:23  Carrier  
  73  12:00  Carrier  
  75  12:23  Unknown  
  87  12:31  Pylon x2  
  87  12:34  Pylon  
  87  12:36  Pylon  
  87  12:38  Pylon  
  87  12:40  Pylon  
  87  12:42  Pylon  
  87  12:44  Pylon  
  87  12:46  Pylon  
  87  12:48  Pylon  
  87  12:57  Robotics Facility  
  87  13:08  Carrier  
  87  13:10  Protoss Air Weapons Level 3, Protoss Air Armor Level 3  
  93  13:44  Carrier  
  93  14:07  Nexus  
  99  14:11  Assimilator  
  99  14:15  Assimilator  
  99  14:22  Observer  
  99  14:28  Phase Detonation  
  100  14:47  Carrier  
  100  14:50  Carrier  
  100  14:55  Solar Flare  
  100  16:11  Carrier  
  118  17:54  Carrier x2  
  130  19:19  Carrier x2  
  130  19:53  Carrier x2  
  142  20:49  Carrier x2  
  166  22:14  Carrier x2  
  166  22:29  Pylon x2  
  166  22:42  Stargate  
Show
View Real Time Build Order
Export as new Build Order

NamroodTuo Zerg 

Build Orders:  

Get SALT Encoding   

  12  0:24  Infested Barracks  
  12  0:26  Infested SCV  
  13  0:38  Infested SCV  
  14  0:40  Infested SCV  
  15  0:53  Overlord  
  15  1:05  Overlord  
  15  1:15  Infested SCV  
  15  1:17  Infested SCV  
  17  1:22  Infestation Level 1  
  17  1:42  Infested SCV  
  18  1:53  Infested Refinery  
  18  1:55  Infested SCV  
  19  2:05  Infested SCV  
  20  2:15  Infested SCV  
  21  2:26  Infested SCV  
  22  2:34  Infested SCV  
  23  2:41  Infested SCV, Infested Refinery  
  23  2:49  Infested SCV  
  25  3:05  Infested SCV  
  25  3:07  Infested Engineering Bay  
  26  3:26  Infested SCV  
  27  3:30  Overlord  
  27  3:35  Infested Marine x2  
  27  3:36  Infested Marine x2  
  30  3:56  Stukov Infantry Weapons Level 1  
  30  4:11  Infested Barracks Tech Lab  
  30  4:26  Infested SCV  
  30  4:28  Infestation Level 2, Infested Bunker  
  30  4:29  Overlord  
  35  4:32  Overlord  
  35  5:00  Infested SCV  
  36  5:23  Infested Barracks  
  36  5:27  Stukov Infantry Armor Level 1  
  33  5:31  Infested Marine  
  33  5:32  Infested Marine x15  
  33  5:33  Infested Marine x3  
  52  6:07  Infested Command Center  
  52  6:14  Infested SCV  
  53  6:31  Overlord  
  53  6:41  Plagued Munitions  
  53  6:55  Infested Factory, Retinal Augmentation  
  53  7:27  Regenerative Plating  
  53  7:28  Infested Barracks  
  34  8:05  Infested Marine  
  34  8:06  Infested Marine x15  
  34  8:07  Infested Marine x20  
  34  8:08  Infested Marine x7  
  77  8:22  Infested SCV  
  78  9:05  Stukov Infantry Armor Level 2  
  78  9:08  Overlord x5  
  78  9:37  Anaerobic Enhancement  
  78  9:53  Infested SCV x3  
  78  9:54  Infested SCV x2  
  40  10:25  Infested Marine, Broodling Gestation  
  40  10:26  Infested Marine x12  
  40  10:27  Infested Marine x14  
  67  10:44  Infested Marine  
  67  10:45  Infested Marine x12  
  67  10:46  Infested Marine x8  
  67  10:47  Infested Marine  
  67  10:49  Stukov Infantry Weapons Level 2  
  93  11:13  Infested Bunker  
  91  11:35  Infested Marine  
  91  11:36  Infested Marine x9  
  91  11:37  Infested Marine  
  92  11:41  Infested SCV x2  
  92  11:42  Infested SCV x3  
  92  12:06  Infested SCV  
  96  12:10  Infested Bunker  
  96  12:13  Infested SCV x2  
  80  12:33  Infested Marine  
  80  12:34  Infested Marine x10  
  80  12:35  Infested Marine x14  
  92  12:52  Infested Marine x8  
  92  12:53  Infested Marine x9  
  110  13:07  Infested Bunker  
  102  13:25  Infested Marine x5  
  102  13:26  Infested Marine x11  
  118  13:34  Overlord  
  118  13:35  Overlord x4  
  110  14:01  Infested Marine  
  110  14:02  Infested Marine x19  
  110  14:03  Infested Marine x2  
  129  14:14  Infested Marine  
  129  14:15  Infested Marine x5  
  119  14:36  Infested Armory  
  110  14:45  Overseer  
  110  14:46  Overseer x4  
  93  15:05  Aggressive Incubation  
  85  15:37  Infested Marine  
  85  15:38  Infested Marine x10  
  85  15:39  Infested Marine x9  
  105  15:43  Overlord x4  
  105  15:56  Infested Marine  
  105  15:57  Infested Marine x12  
  105  15:58  Infested Marine x12  
  108  16:09  Infested Barracks  
  105  16:22  Infested Barracks  
  105  16:23  Infested Barracks  
  105  16:29  Unknown  
  102  16:33  Infested Marine  
  102  16:34  Infested Marine x11  
  102  16:35  Infested Marine x20  
  102  16:36  Infested Marine x2  
  102  16:37  Infested Marine x2  
  137  17:01  Infested Marine  
  137  17:02  Infested Marine x19  
  137  17:03  Infested Marine x8  
  165  17:26  Infested Bunker  
  156  17:30  Infested Bunker  
  156  17:35  Infested Bunker  
  156  17:38  Stukov Infantry Weapons Level 3  
  134  17:50  Infestation Level 3  
  132  18:16  Infested Marine  
  132  18:17  Infested Marine x15  
  132  18:19  Infested Marine  
  106  18:52  Infested Marine x3  
  106  18:53  Infested Marine x21  
  106  18:54  Infested Marine x20  
  106  18:55  Infested Marine  
  134  19:04  Infested Marine  
  134  19:05  Infested Marine x13  
  134  19:06  Infested Marine x5  
  140  19:37  Overseer x2  
  140  19:38  Overseer x2  
  115  19:52  Infested Bunker  
  119  20:02  Infested Bunker  
  101  20:22  Stukov Infantry Armor Level 3  
  99  20:47  Calcified Armor  
  90  20:55  Infested Marine  
  90  20:56  Infested Marine x8  
  90  20:57  Infested Marine x23  
  90  20:58  Infested Marine x21  
  90  20:59  Infested Marine x3  
  136  21:21  Infested Marine x3  
  136  21:22  Infested Marine x21  
  136  21:23  Infested Marine x21  
  136  21:24  Infested Marine  
  169  22:45  Infested Bunker  
  121  22:51  Infested Colonist Compound  
  121  22:53  Infested Bunker  
  88  23:47  Infested Marine  
  88  23:48  Infested Marine x6  
  88  23:49  Infested Marine x21  
  116  23:50  Infested Marine x21  
  116  23:51  Infested Marine x14  
  116  23:58  Infested Marine  
  116  23:59  Infested Marine x19  
  171  24:00  Infested Marine x16  
  171  24:01  Infested Marine x3  
Tags
 
Commander
KaraxStukov
Matchup
Co-op
Replay Pack
Multiplayer
Add a new tag
Caveats
  • Supply blocks, unpowered buildings, or Contaminate may cause inaccurate times.
  • Supply counts are checked every 10 seconds.